Map: Battle on the Boardwalk LE

Players

SamuraiFunn - Winner!

  • Race: Protoss Protoss
  • League: Platinum
  • Spawn Location: 11:00

A.I. 1 (Harder)

  • Race: Zerg Zerg
  • Spawn Location: 1:00

VOD

Have the link to the VOD?

Description

Time

  • Played on: Nov. 30, 2017, 10:18 p.m.
  • Length: 8:27
Show
View Real Time Build Order
Export as new Build Order

SamuraiFunn Protoss - Winner!

Build Orders:  

Get SALT Encoding   

  12  0:00  Probe  
  13  0:13  Probe  
  14  0:19  Pylon  
  14  0:27  Probe (Chrono Boost)  
  15  0:40  Probe (Chrono Boost)  
  16  0:43  Gateway  
  16  0:51  Pylon  
  16  0:56  Probe  
  17  0:57  Assimilator  
  17  1:08  Probe  
  18  1:20  Probe  
  19  1:31  Zealot  
  21  1:33  Probe  
  22  1:45  Probe  
  23  1:55  Cybernetics Core  
  23  1:57  Probe  
  24  2:12  Zealot  
  27  2:15  Probe  
  27  2:16  Nexus  
  27  2:27  Probe  
  28  2:37  Assimilator  
  28  2:39  Gateway, Probe, Stalker  
  31  3:00  Pylon  
  31  3:10  Warp Gate (Chrono Boost)  
  31  3:18  Probe, Stalker  
  34  3:23  Pylon  
  34  3:30  Probe  
  34  3:31  Probe  
  36  3:37  Stalker  
  38  3:42  Probe  
  38  3:43  Robotics Facility  
  38  3:46  Probe  
  40  3:54  Probe  
  41  3:58  Probe  
  42  4:06  Probe  
  42  4:09  Pylon  
  43  4:10  Probe  
  43  4:12  Stalker x2  
  48  4:18  Probe  
  49  4:25  Probe  
  49  4:30  Gateway, Probe  
  51  4:34  Observer  
  52  4:41  Probe  
  52  4:43  Probe, Assimilator  
  54  4:55  Immortal  
  52  5:07  Stalker x2  
  44  5:32  Probe x2  
  46  5:36  Stalker x2  
  50  5:44  Probe (Chrono Boost)  
  50  5:45  Probe (Chrono Boost)  
  52  5:56  Probe x2 (Chrono Boost)  
  52  5:58  Probe (Chrono Boost)  
  52  5:59  Probe (Chrono Boost)  
  54  6:04  Stalker  
  54  6:05  Stalker x2  
  54  6:10  Probe (Chrono Boost)  
  62  6:11  Probe (Chrono Boost)  
  62  6:14  Immortal  
  68  6:18  Probe x2 (Chrono Boost)  
  66  6:43  Stalker  
  66  6:44  Stalker x2  
  68  7:18  Stalker  
  70  7:26  Pylon  
  70  7:27  Pylon  
  70  7:37  Nexus  
  70  7:40  Probe (Chrono Boost), Pylon  
  70  7:42  Probe (Chrono Boost), Pylon  
  70  7:44  Immortal  
  74  7:53  Probe (Chrono Boost)  
  74  7:54  Probe (Chrono Boost)  
  78  8:00  Probe x2 (Chrono Boost), Stalker x3  
  84  8:07  Gateway, Probe x2  
  84  8:08  Gateway  
  86  8:10  Gateway  
Show
View Real Time Build Order
Export as new Build Order

A.I. 1 (Harder) Zerg 

Build Orders: Pool First, Zergling Baneling 

Get SALT Encoding   

  12  0:00  Drone  
  13  0:12  Overlord  
  13  0:16  Drone  
  14  0:30  Drone  
  14  0:31  Drone  
  16  0:43  Spawning Pool  
  16  0:45  Drone  
  16  0:50  Drone  
  16  0:52  Extractor  
  16  0:56  Drone  
  17  1:06  Overlord  
  17  1:31  Zergling x4, Queen  
  21  1:38  Drone, Roach Warren  
  21  1:43  Extractor  
  20  1:49  Drone  
  20  1:52  Baneling Nest  
  20  2:00  Drone  
  21  2:10  Drone  
  22  2:21  Zergling x2  
  23  2:32  Drone  
  23  2:36  Baneling x2  
  24  2:37  Baneling  
  24  2:38  Zergling x2, Overlord  
  24  2:39  Zergling x2  
  24  2:44  Zergling x2, Baneling  
  27  2:54  Drone  
  27  2:57  Metabolic Boost  
  28  3:05  Zergling x2  
  29  3:10  Zergling x6  
  32  3:18  Overlord  
  32  3:27  Baneling  
  32  3:28  Zergling x2  
  32  3:29  Baneling  
  33  3:35  Baneling  
  33  3:38  Zergling x2  
  33  3:39  Baneling  
  34  3:42  Zergling x2, Drone  
  34  3:43  Drone  
  37  3:50  Drone  
  38  3:59  Evolution Chamber  
  38  4:01  Drone  
  38  4:12  Drone  
  38  4:13  Drone, Overlord  
  38  4:14  Drone  
  41  4:28  Roach  
  43  4:36  Lair, Roach  
  45  4:52  Ravager  
  46  4:53  Overlord  
  46  4:58  Roach  
  44  5:14  Zerg Melee Weapons Level 1  
  42  5:37  Hydralisk Den, Drone  
  42  5:44  Burrow  
  42  5:49  Roach  
  44  5:57  Roach  
  45  6:07  Hydralisk, Ravager  
  48  6:16  Roach  
  50  6:21  Spore Crawler  
  50  6:23  Hydralisk  
  50  6:25  Drone, Spore Crawler  
  50  6:27  Hatchery  
  50  6:28  Drone  
  50  6:31  Ravager  
  50  6:32  Roach  
  54  6:34  Overlord  
  54  6:39  Hydralisk  
  45  6:47  Hydralisk  
  37  6:55  Zergling x2  
  32  7:03  Roach  
  32  7:05  Hydralisk  
  34  7:11  Hatchery  
  34  7:13  Hydralisk  
  34  7:14  Roach  
  26  7:27  Drone  
  9  7:39  Drone  
  7  7:52  Drone  
Tags
 
Add a new tag
Caveats
  • Supply blocks, unpowered buildings, or Contaminate may cause inaccurate times.
  • Supply counts are checked every 10 seconds.